 Dungeon Crawl Stone Soup version 0.29-a0-653-gd47aff6735 (webtiles) character file.

Game seed: 12200320451695482543

68 miscthings the Chopper (level 4, -1/54 HPs)
             Began as a Meteoran Gladiator on June 21, 2022.
             Slain by a centaur (3 damage)
             ... on level 3 of the Dungeon.
             The game lasted 00:03:00 (1222 turns).

miscthings the Chopper (Meteoran Gladiator)         Turns: 1222, Time: 00:03:02

Health: -1/54      AC:  5    Str: 18    XL:     4   Next: 68%
Magic:  5/5        EV: 13    Int:  9    God:
Gold:   92         SH:  0    Dex: 15    Spells: 3/3 levels left

rFire   . . .      SeeInvis .   a - +0 war axe
rCold   . . .      Faith    .   (no shield)
rNeg    . . .      Spirit   .   b - +0 leather armour
rPois   .          Reflect  .   c - +0 helmet
rElec   .          Harm     .   o - +0 cloak
rCorr   .          Rampage  .   (no gloves)
Will    .....                   (no boots)
Stlth   ..........              (no amulet)
HPRegen 0.18/turn               (no ring)
MPRegen 0.09/turn               (no ring)

@: berserking (expiring), glowing, very quick
A: sense surroundings 1, otherworldly, glowing, explore regen
a: no special abilities


You were on level 3 of the Dungeon.
You visited 1 branch of the dungeon, and saw 3 of its levels.

You collected 92 gold pieces.

Inventory:

Hand Weapons
 a - a +0 war axe (weapon)
Missiles
 d - 3 throwing nets (quivered)
 e - a javelin
Armour
 b - a +0 leather armour (worn)
 c - a +0 helmet (worn)
 o - a +0 cloak (worn)
Scrolls
 f - a scroll of amnesia {unknown}
 g - a scroll of blinking {unknown}
 h - a scroll of teleportation {unknown}
 i - a scroll of fog {unknown}
 l - a scroll of magic mapping {unknown}
 m - a scroll of summoning {unknown}
 n - a scroll of fear {unknown}
 p - a scroll of poison {unknown}
 q - 2 scrolls of vulnerability {unknown}
 r - a scroll of identify {unknown}
 s - a scroll of torment {unknown}
Potions
 j - a potion of haste {unknown}
 k - 2 potions of berserk rage
 t - a potion of curing {unknown}


   Skills:
 - Level 2.1 Fighting
 + Level 6.0 Axes
 - Level 2.4 Throwing
 - Level 3.6 Dodging


You had 3 spell levels left.
You didn't know any spells.
Your spell library contained the following spells:

 Spells                   Type           Power      Damage    Failure   Level
 Apportation              Tloc           0%         N/A       43%         1
 Necrotize                Necr           0%         1d4       43%         1
 Summon Small Mammal      Summ           0%         N/A       43%         1


Dungeon Overview and Level Annotations

Branches:
Dungeon (3/15) Zot: 548

Altars:


Innate Abilities, Weirdness & Mutations

You passively map a small area around you.
You are easily found by Zot.
You glow in the dark.
You regain HP and MP as you explore.


Message History

You see here a dart slug corpse.
You now have 86 gold pieces (gained 12).
You see here a ball python corpse.
You now have 92 gold pieces (gained 6).
An endoplasm comes into view.
The endoplasm quivers.
You slash the endoplasm!
You kill the endoplasm!
A hobgoblin comes into view.
The hobgoblin shouts!
A centaur comes into view.
There are monsters nearby!
The centaur wields a +0 shortbow.
The centaur shoots an arrow.
The arrow hits you.
The centaur shoots an arrow.
The arrow hits you!
The centaur shoots an arrow.
The arrow hits you! The hobgoblin barely misses you.
You hit the hobgoblin.
The hobgoblin is severely wounded.
The centaur shoots an arrow.
The arrow misses you.
The hobgoblin hits you but does no damage.
The centaur shoots an arrow.
The arrow hits you.
You are too injured to fight recklessly!
The centaur shoots an arrow.
The arrow hits you!
* * * LOW HITPOINT WARNING * * *
It was a potion of berserk rage.
A red film seems to cover your vision as you go berserk!
You feel yourself moving faster!
You feel mighty! The hobgoblin barely misses you.
You feel a strong urge to attack something.
A worm comes into view.
You slash the hobgoblin!
You kill the hobgoblin!
Your Axes skill increases to level 6!
The centaur unwields a +0 shortbow.
The centaur hits you.
* * * LOW HITPOINT WARNING * * *
The centaur kicks you but does no damage.
You slash the centaur!
The centaur is heavily wounded.
The centaur hits you.
You die...

, * ,#.#.#...####.†.## *,
*...#..## #...# * *P#.#.#..#
#...# * , , .P.P.P..# ##.##
* P#.#.#..# ####†### , ,
.P.#..# #....)..
#############.# #.##.##. ,
..............# #.##.##.
..#..c@.....## #....##. , ,
#..#......# #.#####. , ,
w...,#....!.# #.#####. ....
...###### #....... .## #####
#.###### #.# #.# ,
###.########### #.# #
#.............# #.#
#######.#.##..#####.######.#


You could see a centaur and a worm.

Vanquished Creatures
  An adder (D:2)
  A dart slug (D:3)
  2 orcs
  7 ball pythons
  5 endoplasms
  2 giant cockroaches
  3 goblins
  6 hobgoblins
  4 quokkas
  4 bats
  A frilled lizard (D:2)
  5 kobolds
  8 rats
49 creatures vanquished.

Notes
Turn   | Place    | Note
-------+----------+-------------------------------------------
     0 | D:1      | miscthings the Meteoran Gladiator began the quest for the
                  | Orb.
     0 | D:1      | Reached XP level 1. HP: 17/17 MP: 2/2
    77 | D:1      | Reached skill level 4 in Axes
   108 | D:2      | Reached XP level 2. HP: 24/24 MP: 3/3
   204 | D:2      | You fall into a shaft and drop 1 floor!
   212 | D:3      | Reached XP level 3. HP: 28/29 MP: 4/4
   335 | D:1      | Reached skill level 5 in Axes
   555 | D:1      | Reached XP level 4. HP: 36/36 MP: 5/5
  1213 | D:3      | Noticed a centaur
  1217 | D:3      | HP: 1/36 [centaur/arrow (10)]
  1221 | D:3      | Reached skill level 6 in Axes
  1222 | D:3      | Slain by a centaur

Illustrated notes

Levels and vault maps discovered:
D:1:      dpeg_arrival_boxorama, layout_rooms, nrook_mini_backslash,
          item_on_display_a
D:2:      layout_loops_corners
D:3:      layout_loops_cross, shapermc_ecumenical_altar_mp_urbaneastern

Skill      XL: |  1  2  3  4 |
---------------+-------------+-----
Axes           | 4 5 6 |  6.0
Fighting       | |  2.1
Throwing       | |  2.4
Dodging        | |  3.6

Action                   |  1- 3 |  4- 6 || total
-------------------------+-------+-------++-------
Melee: War axe           |    70 |    50 ||   120
  Use: Potion            |       |     1 ||     1
Armor: Leather armour    |    20 |    25 ||    45
Dodge: Dodged            |    45 |    32 ||    77

Table legend: (Time is in decaauts)
 A = Elapsed time spent in this place.
 B = Non-inter-level travel time spent in this place.
 C = Inter-level travel time spent in this place.
 D = Time resting spent in this place.
 E = Time spent auto-exploring this place.
 F = Levels seen in this place.
 G = Mean time per level.
                   A        B        C        D        E       F      G
               +--------+--------+--------+--------+--------+-----+--------+
         Total |   1250 |   1103 |    147 |      0 |    623 |   3 |  416.7 |
       Dungeon |   1250 |   1103 |    147 |      0 |    623 |   3 |  416.7 |
               +--------+--------+--------+--------+--------+-----+--------+

Top non-repeatable levels by time:
     D:2: 679 daAuts
     D:1: 371 daAuts
     D:3: 199 daAuts
